Map: Aura mortal EE

Players

MrFercho - Winner!

  • Race: Zerg Zerg
  • League: Gold
  • Spawn Location: 11:00

Bhageera

  • Race: Zerg Zerg
  • League: Gold
  • Spawn Location: 5:00

VOD

Have the link to the VOD?

Description

Time

  • Played on: Aug. 11, 2020, 8:39 p.m.
  • Length: 23:08
Show
View Real Time Build Order
Export as new Build Order

MrFercho Zerg - Winner!

Build Orders: Hatch First 

Get SALT Encoding   

  12  0:00  Drone  
  13  0:15  Overlord  
  13  0:18  Drone  
  14  0:34  Drone x2  
  16  0:50  Hatchery  
  16  0:53  Drone  
  16  0:57  Drone  
  17  1:07  Drone  
  17  1:10  Drone  
  19  1:22  Extractor  
  19  1:25  Spawning Pool  
  17  1:30  Drone  
  17  1:31  Drone  
  19  2:22  Queen x2  
  23  2:31  Overlord  
  23  2:32  Drone x5  
  28  2:48  Overlord  
  28  2:50  Drone  
  30  3:05  Zergling x4  
  31  3:24  Overlord x2  
  31  3:25  Drone x2  
  31  3:26  Drone  
  34  3:32  Roach Warren  
  33  3:35  Evolution Chamber  
  32  3:44  Drone x3  
  32  3:46  Lair  
  35  3:49  Drone x2  
  35  3:51  Drone x2  
  39  3:56  Queen  
  41  4:10  Zerg Missile Weapons Level 1  
  41  4:14  Overlord x2  
  41  4:16  Drone x4  
  45  4:20  Extractor  
  45  4:21  Extractor  
  43  4:45  Drone x3  
  46  4:46  Drone x3  
  49  5:00  Glial Reconstitution  
  49  5:13  Evolution Chamber  
  48  5:16  Queen x2  
  48  5:18  Roach  
  48  5:19  Roach x6  
  66  5:31  Drone  
  66  5:32  Drone  
  68  5:38  Hatchery  
  67  5:42  Overlord  
  67  5:44  Overlord  
  67  5:51  Overseer  
  67  6:01  Drone x4  
  71  6:09  Zerg Missile Weapons Level 2, Zerg Ground Armor Level 1  
  71  6:25  Drone x4  
  75  6:51  Roach x7  
  89  6:59  Spine Crawler  
  88  7:01  Pneumatized Carapace  
  88  7:08  Roach  
  88  7:10  Overlord x4  
  67  8:00  Drone x3  
  67  8:03  Drone x4  
  67  8:04  Drone x5  
  79  8:15  Hatchery  
  79  8:16  Hydralisk Den  
  79  8:17  Extractor  
  79  8:18  Drone  
  79  8:19  Drone x4  
  81  8:25  Overlord  
  81  8:28  Zerg Ground Armor Level 2  
  81  8:36  Infestation Pit  
  81  8:40  Roach  
  81  8:41  Roach x9  
  100  8:55  Drone x4  
  104  9:03  Roach  
  104  9:04  Roach x4  
  104  9:05  Overlord  
  104  9:07  Muscular Augments  
  114  9:23  Hive  
  114  9:48  Roach x15  
  144  9:59  Evolution Chamber  
  115  10:18  Grooved Spines  
  113  10:31  Drone x3  
  113  10:32  Drone x7  
  123  10:37  Hatchery  
  122  10:45  Overlord  
  122  11:13  Roach x12  
  60  11:35  Roach x6  
  70  11:43  Zergling x6  
  73  12:06  Extractor  
  73  12:07  Extractor  
  63  12:31  Roach  
  63  12:32  Roach x13  
  72  12:48  Drone x3  
  72  12:49  Drone x3  
  74  13:01  Roach  
  74  13:02  Roach x7  
  88  13:13  Zerg Missile Weapons Level 3  
  88  13:18  Drone  
  88  13:19  Drone x2  
  85  13:32  Queen  
  85  13:33  Queen  
  77  14:13  Roach  
  77  14:14  Roach x10  
  99  14:22  Evolution Chamber  
  98  14:26  Spine Crawler  
  95  14:33  Roach x2  
  95  14:34  Roach  
  99  14:45  Roach x3  
  95  15:10  Drone x8  
  99  15:18  Hydralisk x2  
  71  15:38  Hydralisk x4  
  75  15:49  Zerg Ground Armor Level 3  
  75  15:59  Spore Crawler  
  75  16:01  Spore Crawler  
  65  16:21  Hydralisk  
  65  16:22  Hydralisk x4  
  73  16:34  Hydralisk x2  
  77  16:46  Hydralisk  
  77  17:07  Hydralisk x3  
  73  17:19  Hydralisk  
  73  17:20  Hydralisk  
  77  17:40  Drone x3  
  77  17:41  Drone  
  77  17:42  Drone  
  82  17:45  Drone x4  
  82  17:49  Drone x2  
  86  18:08  Overlord x2  
  81  18:43  Zergling x18  
  81  18:45  Hatchery  
  89  19:12  Spore Crawler  
  88  19:17  Hydralisk Den  
  84  19:47  Overlord  
  84  19:48  Overlord x2  
  81  20:04  Spore Crawler  
  81  20:05  Spore Crawler  
  79  20:10  Spore Crawler  
  70  20:31  Hydralisk x3  
  74  20:37  Spore Crawler  
  74  20:39  Spore Crawler  
  64  21:00  Hydralisk x2  
Show
View Real Time Build Order
Export as new Build Order

Bhageera Zerg 

Build Orders: Hatch First 

Get SALT Encoding   

  12  1:14  Drone x2  
  14  1:24  Hatchery  
  13  1:29  Spawning Pool  
  12  1:33  Hatchery  
  11  1:43  Extractor  
  11  1:44  Drone x3  
  11  1:45  Extractor  
  12  1:56  Drone  
  13  2:12  Overlord  
  13  2:22  Overlord  
  13  2:28  Drone  
  14  2:38  Queen  
  16  2:48  Queen  
  18  2:53  Drone  
  19  3:00  Drone  
  20  3:11  Drone  
  21  3:24  Drone x3  
  24  3:39  Drone x3  
  27  3:49  Drone  
  27  3:50  Drone x2  
  30  4:00  Drone x3  
  33  4:05  Drone x2  
  35  4:11  Metabolic Boost  
  35  4:13  Drone  
  36  4:23  Queen  
  38  4:33  Overlord x2  
  38  4:34  Zergling x6  
  41  4:39  Drone  
  42  4:46  Overlord x2  
  42  5:03  Zergling x2  
  42  5:05  Drone x4  
  42  5:06  Zergling x2, Drone x3  
  51  5:13  Evolution Chamber  
  50  5:15  Evolution Chamber  
  50  5:21  Drone x5  
  55  5:35  Zergling x4  
  55  5:36  Zergling x10  
  55  5:42  Baneling Nest  
  60  5:43  Zerg Melee Weapons Level 1  
  60  5:44  Zerg Ground Armor Level 1  
  60  5:47  Zergling x2  
  60  5:48  Zergling x4  
  63  6:04  Drone x3  
  63  6:05  Zergling x8  
  63  6:06  Zergling x4  
  63  6:07  Overlord  
  63  6:10  Lair  
  72  6:27  Zergling x2, Drone x3  
  72  6:28  Zergling x8  
  80  6:39  Zergling x2  
  81  6:40  Zergling x2  
  81  6:41  Overlord  
  81  6:42  Overlord x2  
  82  7:08  Zergling x8  
  83  7:09  Zergling x14  
  83  7:10  Centrifical Hooks  
  93  7:20  Baneling  
  93  7:21  Baneling x10  
  70  7:51  Zergling x14  
  66  7:52  Zergling x10  
  77  8:07  Zerg Melee Weapons Level 2  
  77  8:08  Zerg Ground Armor Level 2  
  77  8:09  Hatchery  
  76  8:13  Zergling x2  
  76  8:14  Zergling x6  
  76  8:18  Infestation Pit  
  76  8:19  Extractor  
  78  8:21  Extractor, Drone x3  
  78  8:25  Hatchery  
  79  8:31  Zergling x2  
  79  8:32  Zergling x8  
  84  8:37  Queen x2  
  84  8:38  Overlord x3  
  84  8:40  Zergling x2  
  89  8:47  Overseer  
  89  8:49  Pneumatized Carapace  
  89  8:51  Drone x4  
  89  8:52  Drone x4  
  97  9:01  Zergling x6  
  100  9:07  Drone  
  100  9:08  Drone  
  102  9:19  Extractor  
  102  9:21  Zergling x2  
  102  9:22  Zergling x14  
  109  9:32  Hive  
  81  10:07  Zergling x4  
  81  10:08  Zergling x38  
  86  10:21  Zergling x2  
  86  10:22  Zergling x16  
  95  10:32  Spine Crawler  
  95  10:34  Zergling x12  
  100  10:35  Queen  
  102  10:45  Zerg Melee Weapons Level 3  
  102  10:46  Zerg Ground Armor Level 3  
  102  10:47  Adrenal Glands, Hatchery  
  102  10:48  Zergling x12  
  108  10:54  Baneling x11  
  108  10:55  Baneling x28  
  108  10:56  Zergling x6  
  98  11:15  Zergling x2  
  98  11:16  Zergling x24  
  79  11:25  Zergling x2  
  79  11:26  Zergling x2  
  78  11:35  Zergling x2  
  78  11:36  Zergling x10  
  84  11:48  Drone x2  
  84  11:49  Swarm Host, Drone x2  
  91  11:54  Hatchery  
  90  12:04  Zergling x16  
  90  12:16  Zergling x18  
  90  12:17  Zergling x2  
  90  12:21  Zergling x4  
  79  12:39  Drone x11  
  85  12:49  Queen x3  
  85  12:50  Zergling x2  
  85  12:51  Zergling x16  
  85  13:05  Spine Crawler  
  85  13:09  Spine Crawler  
  85  13:12  Drone x3  
  84  13:13  Drone x7  
  84  13:15  Baneling x10  
  91  13:22  Spire  
  91  13:24  Drone x2  
  91  13:25  Drone x4, Spire  
  90  13:38  Spine Crawler x2  
  82  13:42  Spine Crawler  
  82  13:45  Spine Crawler  
  77  13:50  Zergling x2  
  77  13:51  Zergling x30  
  89  14:02  Spine Crawler  
  88  14:06  Zergling x2  
  88  14:07  Zergling x16  
  89  14:33  Mutalisk  
  89  14:34  Mutalisk x7  
  89  14:35  Mutalisk x6  
  112  14:43  Unknown  
  104  14:45  Unknown  
  104  14:47  Extractor  
  104  14:50  Mutalisk  
  99  15:05  Mutalisk x2  
  98  15:14  Lair  
  96  15:17  Mutalisk  
  98  15:23  Spine Crawler, Mutalisk  
  98  15:24  Mutalisk  
  100  15:29  Extractor, Mutalisk  
  100  15:50  Drone  
  100  15:51  Drone x7  
  108  16:01  Mutalisk x3  
  108  16:02  Mutalisk x4  
  122  16:11  Hatchery  
  113  16:26  Drone x7  
  118  16:33  Mutalisk x2  
  118  16:34  Mutalisk x3  
  128  16:44  Mutalisk  
  128  16:45  Drone x2  
  128  16:46  Drone  
  126  17:02  Drone x8  
  134  17:14  Zerg Flyer Armor Level 1, Zerg Flyer Weapons Level 1  
  134  17:15  Drone x2  
  136  17:35  Overlord  
  126  18:15  Mutalisk x6  
  120  18:36  Mutalisk x3  
  120  18:37  Mutalisk  
  128  18:46  Spine Crawler  
  128  18:48  Spine Crawler  
  124  18:50  Spine Crawler x2, Mutalisk  
  124  18:51  Mutalisk x3  
  124  18:54  Queen  
  128  18:57  Drone x5  
  128  19:01  Spine Crawler  
  129  19:23  Spine Crawler  
  122  19:27  Spine Crawler  
  122  19:28  Spine Crawler  
  122  19:30  Spine Crawler  
  119  19:33  Drone x5  
  111  20:33  Spine Crawler  
  109  20:40  Hatchery  
  63  21:24  Hatchery  
  36  22:31  Hatchery  
Tags
 
League
GoldGold
Matchup
ZvZ
Race
Zerg
Replay Pack
MrFercho
Spawn Locations
Cross Positions
Add a new tag
Caveats
  • Supply blocks, unpowered buildings, or Contaminate may cause inaccurate times.
  • Supply counts are checked every 10 seconds.